 Dungeon Crawl Stone Soup version 0.23-a0-577-g2b1de94 (webtiles) character file.

20201 gruber the Covert (level 13, -4/84 HPs)
             Began as a Kobold Artificer on Dec 15, 2018.
             Was an Elder of Nemelex Xobeh.
             Slain by an eight-headed hydra (7 damage)
             ... on level 1 of the Lair of Beasts.
             The game lasted 00:47:59 (22177 turns).

gruber the Covert (Kobold Artificer)               Turns: 22177, Time: 00:48:00

Health: -4/84      AC: 16    Str: 12    XL:     13   Next: 10%
Magic:  21/21      EV: 23    Int: 16    God:    Nemelex Xobeh [****..]
Gold:   634        SH:  8    Dex: 28    Spells: 4/12 levels left

rFire    + . .     SeeInvis .   F - +4 flail "Gonku Jeiha" {protect, Int+4 Dex+2}
rCold    . . .     Gourm    .   z - +0 buckler
rNeg     . . .     Faith    .   w - +4 troll leather armour {Snorg}
rPois    .         Spirit   .   L - +0 helmet
rElec    .         Reflect  .   (no cloak)
rCorr    .         Harm     .   B - +0 pair of gloves
MR       .....                  N - +4 pair of boots "Kaucw" {Dex+5}
Stlth    ++++++....             (no amulet)
HPRegen  0.64/turn              A - +3 ring of strength
MPRegen  0.17/turn              b - ring of protection from fire

@: lethally poisoned (-4 -> -6)
A: small, carnivore
a: Triple Draw, Deal Four, Renounce Religion


You were on level 1 of the Lair of Beasts.
You worshipped Nemelex Xobeh.
Nemelex Xobeh was greatly pleased with you.
You were not hungry.

You visited 3 branches of the dungeon, and saw 15 of its levels.

You collected 829 gold pieces.
You spent 195 gold pieces at shops.

Inventory:

Hand Weapons
 a - a +2 dagger of venom
 o - a +0 hunting sling
 E - a +0 blowgun
 F - the +4 flail "Gonku Jeiha" (weapon) {protect, Int+4 Dex+2}
   (You found it on level 5 of the Dungeon)

   It protects the one who uses it against injury (+AC on strike).
   It affects your intelligence (+4).
   It affects your dexterity (+2).
Missiles
 p - 244 stones (quivered)
 r - 102 poisoned needles
 u - 5 needles of sleeping
 G - 66 sling bullets
Armour
 w - a +4 troll leather armour (worn) {Snorg}
 z - a +0 buckler (worn)
 B - a +0 pair of gloves (worn)
 L - a +0 helmet (worn)
 N - the +4 pair of boots "Kaucw" (worn) {Dex+5}
   (You found it on level 9 of the Dungeon)

   It affects your dexterity (+5).
 P - a +1 ring mail of cold resistance
Jewellery
 b - a ring of protection from fire (right hand)
 y - an uncursed ring of ice
 A - a +3 ring of strength (left hand)
Wands
 d - a wand of enslavement (12)
 e - a wand of random effects (40)
 U - a wand of flame (23)
 V - a wand of disintegration (13)
Scrolls
 g - 4 scrolls of identify
 i - 6 scrolls of remove curse
 k - 2 scrolls of vulnerability {unknown}
 m - 2 scrolls of enchant weapon {unknown}
 n - 2 scrolls of fog
 s - a scroll of enchant armour
 t - 2 scrolls of teleportation
 v - a scroll of noise
 C - 4 scrolls of fear {unknown}
 Q - 2 scrolls of blinking {unknown}
Potions
 c - 2 potions of cancellation
 h - 3 potions of lignification
 j - a potion of haste
 l - 3 potions of flight
 q - a potion of might
 D - 6 potions of curing
 J - 2 potions of brilliance
 M - a potion of resistance
 R - a potion of mutation {unknown}
Miscellaneous
 I - an ornate deck of destruction
 O - a plain deck of summoning {drawn: 8}
 T - an ornate deck of destruction {drawn: 2}
 X - a plain deck of destruction {drawn: 5}
Comestibles
 f - 21 rations


   Skills:
 * Level 10.9 Fighting
 - Level 6.0 Short Blades
 - Level 5.2 Maces & Flails
 - Level 5.0 Armour
 - Level 8.0 Dodging
 - Level 12.4 Stealth
 - Level 5.7 Shields
 - Level 11.0 Evocations


You had 4 spell levels left.
You knew the following spells:

 Your Spells              Type           Power        Failure   Level  Hunger
a - Shroud of Golubria    Chrm/Tloc      #.........   43%         2    ###....
b - Regeneration          Chrm/Necr      #.........   67%         3    ####...
c - Spectral Weapon       Hex/Chrm       #.......     67%         3    ####...

Your spell library contained the following spells:

 Spells                   Type           Power        Failure   Level  Hunger
 Flame Tongue             Conj/Fire      #....        32%         1    ##.....
 Infusion                 Chrm           #...         32%         1    ##.....
 Magic Dart               Conj           #...         32%         1    ##.....
 Summon Small Mammal      Summ           #...         32%         1    ##.....
 Call Imp                 Summ           #.......     43%         2    ###....
 Song of Slaying          Chrm           #.......     43%         2    ###....
 Throw Flame              Conj/Fire      #.....       43%         2    ###....
 Call Canine Familiar     Summ           #.......     67%         3    ####...
 Summon Guardian Golem    Hex/Summ       #.......     67%         3    ####...
 Summon Ice Beast         Ice/Summ       #.......     97%         4    #####..
 Summon Lightning Spire   Summ/Air       #.......     97%         4    #####..
 Iron Shot                Conj/Erth      #.........   100%        6    #######
 Spellforged Servitor     Conj/Summ      #.........   100%        7    #######


Dungeon Overview and Level Annotations

Branches:
Dungeon (13/15)            Temple (1/1) D:4            Lair (1/6) D:10
    Orc (0/2) D:12
 Vaults: D:13-14

Altars:
Ashenzari
Cheibriados
Dithmenos
Elyvilon
Fedhas
Gozag
Hepliaklqana
Kikubaaqudgha
Makhleb
Nemelex Xobeh
Okawaru
Qazlal
Ru
Sif Muna
Trog
Uskayaw
Vehumet
Wu Jian
Xom
Yredelemnul
Zin
The Shining One
Beogh

Shops:
D:7 !   D:13 (


Innate Abilities, Weirdness & Mutations

You are small and have problems with some larger weapons.
You are carnivorous and can eat meat at any time.


Message History

You feel sick. You block the wolf's attack. The black mamba closely misses you.
You feel sick. The wolf misses you.
As you read the scroll labeled NOYNIXAISO, it crumbles to dust.
You hear a loud clanging noise!
It was a scroll of noise.
You feel sick.
You hear an angry hiss.
The wolf barely misses you. The black mamba completely misses you.
The wolf completely misses you.
As you read the scroll labeled NIPOR YNOGOEGAI, it crumbles to dust.
You feel aware of your surroundings.
It was a scroll of magic mapping.
You feel sick. The black mamba completely misses you.
You block the black mamba's attack.
Unknown command.
As you read the scroll labeled AVARIK ZOB, it crumbles to dust.
It is a scroll of enchant armour.
Your +3 troll leather armour {Snorg} glows green for a moment.
You feel sick. You block the black mamba's attack. x2
The eight-headed hydra bites you!
You die...
Your body glows slightly and disappears.

##.P###.#..........8.......l+,
#...........#...8...8...(?.#.
#...........#..........##..[.
##........*#..#.##....#....#,,
#.........,#.....#####....##,,
##...###.##.#h..........###*,,
#...##*#####hh##h.....##,,*,,
#....# #SD###.#..##....#,,
#...## ##@# #h.†.##...h..,
##...# #..# #.....#....#.*
#....# ##.# #8.>.8.....#,*
##...# #.###.....#....#,,
##...### ##...#†.8.##.#+.#,*
#....#.#####..)..#.##....,,.,+
##........................,,,,
#.........................,,*
#..............###.#######,,,


You could see an eight-headed hydra (inner flame), a black mamba (inner flame)
and 3 wolves.

Vanquished Creatures
  2 hydras
  The ghost of Ratty the Archer, a novice CeBe of Trog (D:10)
  A deep elf mage (D:11)
  2 ugly things
  A cyclops (D:12)
  2 manticores
  A gargoyle (D:13)
  A spiny frog (Lair:1)
  A centaur skeleton (D:10)
  A polar bear (D:11)
  2 trolls
  4 blink frogs (Lair:1)
  5 slime creatures
  Prince Ribbit (D:8)
  4 hippogriffs
  2 centaur simulacra (D:11)
  A wyvern (D:11)
  4 hogs
  A human (D:8)
  A basilisk (Lair:1)
  A hungry ghost (D:13)
  3 vampire mosquitoes
  Menkaure (D:6)
  A soldier ant (D:13)
  A water moccasin (Lair:1)
  2 porcupines (D:10)
  A hornet zombie (D:12)
  5 phantoms
  4 sky beasts
  4 orc warriors
  2 black bears
  6 ice beasts
  2 necrophages
  6 ogres
  10 centaurs
  2 wolves
  2 crocodiles (D:10)
  2 big kobolds
  7 bullfrogs
  8 scorpions
  3 wights (D:12)
  An electric eel (D:6)
  2 crimson imps (D:9)
  2 quasits
  5 jellies
  6 hounds
  7 orc priests
  11 orc wizards
  4 bullfrog skeletons
  6 iguanas
  5 worker ants
  11 adders
  9 gnolls
  A howler monkey skeleton (D:7)
  2 hound simulacra (D:11)
  3 shadow imps
  2 white imps (D:11)
  2 oozes
  An adder zombie (D:5)
  2 adder skeletons
  4 worms
  3 dart slugs (D:1)
  6 leopard geckos
  52 orcs
  5 giant cockroaches
  3 goblins
  7 hobgoblins
  12 jackals
  19 kobolds
  3 quokkas
  3 ball pythons
  16 bats
  11 frilled lizards
  A jackal zombie (D:7)
  8 rats
346 creatures vanquished.

Vanquished Creatures (collateral kills)
  A two-headed ogre (D:11)
  A centaur warrior (D:13)
  An alligator (D:13)
  A phantasmal warrior (D:13)
  An orc knight (D:9)
  2 hornets
  A hippogriff (D:11)
  A vampire mosquito (D:12)
  2 soldier ants (D:12)
  A black bear (D:7)
  3 orc warriors
  2 centaurs (D:12)
  2 ogres
  A wyvern skeleton (D:10)
  A scorpion (D:8)
  A wight (D:12)
  A crimson imp (D:12)
  5 orc wizards
  8 orc priests
  3 worker ants
  An adder (D:11)
  A gnoll (D:7)
  A shadow imp (D:7)
  A leopard gecko (D:10)
  12 orcs
55 creatures vanquished.

Vanquished Creatures (others)
  Snorg (D:10)
  A yak (D:10)
  A human (D:10)
  2 orc wizards (D:4)
  An orc (D:12)
  47 fungi
  31 plants (D:10)
84 creatures vanquished.

Grand Total: 485 creatures vanquished

Notes
Turn   | Place    | Note
-------+----------+-------------------------------------------
     0 | D:1      | gruber the Kobold Artificer began the quest for the Orb.
     0 | D:1      | Reached XP level 1. HP: 12/12 MP: 3/3
    35 | D:1      | Reached XP level 2. HP: 4/16 MP: 4/4
   621 | D:1      | Reached XP level 3. HP: 10/20 MP: 5/5
   850 | D:1      | Reached skill level 2 in Stealth
  1694 | D:2      | Reached XP level 4. HP: 25/25 MP: 6/6
  2595 | D:3      | Reached skill level 5 in Short Blades
  2595 | D:3      | Reached skill level 3 in Stealth
  2891 | D:3      | Reached XP level 5. HP: 20/29 MP: 7/7
  4236 | D:3      | Reached skill level 4 in Stealth
  4383 | D:3      | Reached XP level 6. HP: 29/34 MP: 8/8
  4537 | D:3      | Found a faded altar of an unknown god.
  5450 | D:4      | Found a staircase to the Ecumenical Temple.
  5711 | Temple   | Entered the Ecumenical Temple
  5903 | Temple   | Became a worshipper of Nemelex Xobeh the Trickster
  5997 | D:4      | Reached skill level 5 in Stealth
  6566 | D:4      | HP: 1/35 [orc priest/divine providence (12)]
  6586 | D:4      | Reached XP level 7. HP: 10/39 MP: 9/9
  6953 | D:4      | Received a gift from Nemelex Xobeh
  7924 | D:5      | Entered Level 5 of the Dungeon
  8077 | D:5      | Reached * piety under Nemelex Xobeh
  8116 | D:5      | Got a dazzling flail
  8117 | D:5      | Identified the +4 flail "Gonku Jeiha" {protect, Int+4
                  | Dex+2} (You found it on level 5 of the Dungeon)
  8315 | D:5      | Reached skill level 1 in Maces & Flails
  8382 | D:5      | Found a burning altar of Makhleb.
  8699 | D:6      | Reached XP level 8. HP: 44/44 MP: 10/10
  8834 | D:6      | Received a gift from Nemelex Xobeh
  9021 | D:6      | Reached skill level 5 in Maces & Flails
  9134 | D:6      | Noticed Menkaure
  9141 | D:6      | Killed Menkaure
 10010 | D:7      | Reached skill level 5 in Fighting
 10039 | D:7      | Reached XP level 9. HP: 54/54 MP: 11/11
 10298 | D:7      | Found a deep blue altar of Sif Muna.
 10321 | D:7      | Reached ** piety under Nemelex Xobeh
 10521 | D:7      | Reached skill level 1 in Shields
 10578 | D:7      | Received a gift from Nemelex Xobeh
 10608 | D:7      | Reached skill level 5 in Dodging
 10966 | D:7      | Found Ycuff's Distillery.
 10969 | D:7      | Bought a potion of agility for 52 gold pieces
 10969 | D:7      | Bought a potion of curing for 39 gold pieces
 10969 | D:7      | Bought a potion of heal wounds for 65 gold pieces
 10969 | D:7      | Bought a potion of curing for 39 gold pieces
 11819 | D:8      | Reached XP level 10. HP: 61/63 MP: 12/12
 12121 | D:8      | Noticed Prince Ribbit
 12142 | D:8      | Killed Prince Ribbit
 12218 | D:8      | Reached skill level 5 in Shields
 12598 | D:8      | Received a gift from Nemelex Xobeh
 12868 | D:10     | Entered Level 10 of the Dungeon
 13098 | D:9      | Reached *** piety under Nemelex Xobeh
 13193 | D:9      | Reached skill level 6 in Stealth
 13497 | D:9      | Found a sacrificial altar of Ru.
 13525 | D:9      | Found an iron altar of Okawaru.
 13536 | D:9      | Reached skill level 7 in Stealth
 13742 | D:9      | Found a runed door.
 13803 | D:9      | Noticed an orc knight
 13850 | D:9      | Reached skill level 8 in Stealth
 13991 | D:9      | Killed an orc knight
 13996 | D:9      | Found a roughly hewn altar of Beogh.
 14003 | D:9      | Got a pair of ichor-stained boots
 14017 | D:9      | Learned a level 2 spell: Shroud of Golubria
 14021 | D:9      | Learned a level 3 spell: Regeneration
 14025 | D:9      | Learned a level 3 spell: Spectral Weapon
 14145 | D:9      | Reached skill level 9 in Stealth
 14452 | D:9      | Found a hazy altar of Hepliaklqana.
 14454 | D:9      | Reached XP level 11. HP: 69/69 MP: 13/13
 14797 | D:10     | Received a gift from Nemelex Xobeh
 14921 | D:10     | Reached skill level 10 in Stealth
 15064 | D:10     | Found a runed door.
 15070 | D:10     | Noticed Ratty's ghost (novice CeBe)
 15104 | D:10     | Killed Ratty's ghost
 15104 | D:10     | Reached skill level 11 in Stealth
 15113 | D:10     | Identified the Guide on Harmful Flames
 15466 | D:10     | Noticed Snorg
 15467 | D:10     | Found a staircase to the Lair.
 15502 | D:10     | Reached skill level 12 in Stealth
 16008 | D:10     | Paralysed by a hornet for 1 turns
 16011 | D:10     | Paralysed by a hornet for 3 turns
 16352 | D:11     | Noticed a two-headed ogre
 16403 | D:10     | You fall through a shaft!
 16691 | D:11     | Killed a two-headed ogre
 17063 | D:11     | Received a gift from Nemelex Xobeh
 17064 | D:11     | Noticed an eight-headed hydra
 17096 | D:10     | HP: 2/69 [eight-headed hydra (13)]
 17097 | D:10     | Killed an eight-headed hydra
 17541 | D:10     | Killed Snorg
 18118 | D:10     | Found an ancient bone altar of Kikubaaqudgha.
 18269 | D:11     | Received a gift from Nemelex Xobeh
 18375 | D:11     | Reached skill level 5 in Armour
 19212 | D:11     | Reached **** piety under Nemelex Xobeh
 19421 | D:11     | Received a gift from Nemelex Xobeh
 19436 | D:11     | Reached skill level 5 in Evocations
 19592 | D:11     | Identified the +4 pair of boots "Kaucw" {Dex+5} (You found
                  | it on level 9 of the Dungeon)
 19775 | D:12     | Noticed a cyclops
 19775 | D:12     | Noticed a deep elf mage
 19792 | D:11     | Reached XP level 12. HP: 65/75 MP: 15/15
 19893 | D:12     | Identified the -2 quarterstaff of Isoakhlal {freeze,
                  | *Corrode +Rage rElec MR+++}
 20487 | D:12     | Received a gift from Nemelex Xobeh
 20584 | D:12     | Found a staircase to the Orcish Mines.
 20594 | D:12     | Found a roughly hewn altar of Beogh.
 20931 | D:13     | Reached skill level 10 in Evocations
 20989 | D:13     | Noticed a seven-headed hydra
 20999 | D:13     | Killed a seven-headed hydra
 21043 | D:13     | Noticed an iron troll
 21047 | D:13     | Noticed an alligator snapping turtle
 21047 | D:13     | an iron troll changed into an alligator snapping turtle
 21051 | D:13     | Noticed an alligator
 21051 | D:13     | an alligator snapping turtle changed into an alligator
 21063 | D:13     | Found Wyczowao's Weapon Shoppe.
 21064 | D:13     | Killed an alligator
 21629 | D:13     | Noticed a centaur warrior
 21664 | D:13     | Killed a centaur warrior
 21673 | D:13     | Noticed a swamp dragon
 21796 | D:13     | Reached skill level 10 in Fighting
 21813 | D:13     | Reached XP level 13. HP: 69/82 MP: 21/21
 21939 | Lair:1   | Entered Level 1 of the Lair of Beasts
 21946 | Lair:1   | Received a gift from Nemelex Xobeh
 22056 | Lair:1   | Noticed an eight-headed hydra
 22168 | Lair:1   | HP: 4/84 [black mamba (11)]
 22173 | Lair:1   | HP: 4/84 [poisoned by a black mamba]
 22177 | Lair:1   | Slain by an eight-headed hydra

Vault maps used:
D:1:      dpeg_arrival_erosion, nrook_mini_backslash
D:3:      first_ration, chequers_ecumenical_altar_grove, minmay_crystal_room
D:4:      minmay_temple_entry_mini_moons, chequers_serial_rivers_marsh
D:5:      bloody_makhleb, dk_noncrumbling_3
D:6:      nrook_pool_corridor, uniq_menkaure
D:7:      serial_shops, kennysheep_mini_moat, basic_altar
D:8:      grunt_livestock, minmay_door_square, grunt_decor_mini_mirrors,
          roderic_batcave, uniq_prince_ribbit1
D:9:      nicolae_ru_the_path_less_chosen, okawaru_ov_weapons_minmay,
          lemuel_coloured_pillars_altar, lightli_church_of_beogh
D:10:     due_lair_maze_entry_diamond, ebering_ghost_reflecting_pool,
          special_room, nrook_mini_vaults, tgw_kikubaaqudgha, uniq_snorg
D:11:     serial_ice, serial_ice_h, serial_ice_o, serial_ice_b, serial_ice_e,
          serial_ice_m
D:12:     minmay_orc_entry_temple_small
D:13:     david_vaults_4, nicolae_trove_entry_path_of_doom, serial_shops,
          nicolae_shop_stone
Temple:   dpeg_five_rooms_temple
Lair:1:   grunt_megastairs_2

Skill      XL: |  1  2  3  4  5  6  7  8  9 10 11 12 |
---------------+-------------------------------------+-----
Short Blades   | 2 3 4 5 6 |  6.0
Stealth        | 2 3 4 5 9 12 | 12.4
Dodging        | 4 7 8 |  8.0
Fighting       | 2 5 7 8 10 | 10.9
Maces & Flails | 3 5 |  5.2
Shields        | 4 5 |  5.7
Armour         | 5 |  5.0
Evocations     | 5 11 | 11.0

Action                   |  1- 3 |  4- 6 |  7- 9 | 10-12 | 13-15 || total
-------------------------+-------+-------+-------+-------+-------++-------
Melee: Short sword       |   120 |   328 |    39 |       |       ||   487
       Flail             |       |       |   280 |   977 |    81 ||  1338
       Whip              |       |       |    19 |       |       ||    19
 Fire: Hunting sling     |       |    27 |    25 |    10 |       ||    62
Throw: Stone             |       |       |       |     7 |       ||     7
Evoke: Wand              |       |    13 |    11 |    13 |       ||    37
       Deck              |       |       |     6 |    53 |     2 ||    61
  Use: Potion            |       |     1 |     1 |     5 |     1 ||     8
       Scroll            |       |       |     7 |     9 |     5 ||    21
 Stab: Sleeping          |     3 |     5 |     7 |    19 |       ||    34
       Distracted        |       |     1 |       |     5 |       ||     6
       Petrified         |       |       |     1 |       |       ||     1
       Petrifying        |       |       |       |     1 |       ||     1
  Eat: Chunk             |     1 |    17 |    23 |    28 |     3 ||    72
       Ration            |       |       |     1 |     1 |       ||     2
Armor: Leather armour    |    25 |    61 |   104 |    13 |       ||   203
       Ring mail         |       |       |       |   165 |       ||   165
       Skin              |       |       |       |    27 |       ||    27
       Troll leather arm |       |       |       |   110 |    30 ||   140
Dodge: Dodged            |    82 |   239 |   286 |  1084 |   129 ||  1820
Block: Buckler           |       |       |       |   521 |    46 ||   567

Table legend:
 A = Non-vault XP
 B = Vault XP
 C = Vault XP percentage of total XP
 D = Non-vault monster count
 E = Vault monster count
 F = Vault count percentage of total count
                 A         B        C        D         E       F
            +---------+---------+-------+---------+---------+-------
      Total |   21818 |    7041 |  24.4 |     318 |      86 |  21.3
            +---------+---------+-------+---------+---------+-------
        D:1 |      57 |       0 |   0.0 |      29 |       0 |   0.0
        D:2 |      57 |       0 |   0.0 |      21 |       0 |   0.0
        D:3 |     211 |       0 |   0.0 |      28 |       0 |   0.0
        D:4 |     322 |       0 |   0.0 |      20 |       0 |   0.0
        D:5 |     316 |       0 |   0.0 |      14 |       0 |   0.0
        D:6 |     683 |     175 |  20.4 |      10 |       1 |   9.1
        D:7 |    1234 |     382 |  23.6 |      31 |       2 |   6.1
        D:8 |     830 |     879 |  51.4 |      25 |      13 |  34.2
        D:9 |    1810 |     501 |  21.7 |      27 |      12 |  30.8
       D:10 |    2655 |    2709 |  50.5 |      26 |      35 |  57.4
       D:11 |    3188 |     843 |  20.9 |      19 |       8 |  29.6
       D:12 |    3213 |     348 |   9.8 |      32 |      12 |  27.3
       D:13 |    5484 |    1015 |  15.6 |      29 |       2 |   6.5
     Lair:1 |    1758 |     189 |   9.7 |       7 |       1 |  12.5
            +---------+---------+-------+---------+---------+-------
